 Dungeon Crawl Stone Soup version 0.29-a0-271-gd4eb659eea (webtiles) character file.

Game seed: 8413662596395967209

12 Hubjo the Skirmisher (level 2, -3/24 HPs)
             Began as a Demonspawn Abyssal Knight on Mar 8, 2022.
             Was a Follower of Kikubaaqudgha.
             Slain by a small abomination (11 damage)
             ... created by the touch of Lugonu
             ... on level 1 of the Dungeon.
             The game lasted 00:01:38 (1150 turns).

Hubjo the Skirmisher (Demonspawn Abyssal Knight)    Turns: 1150, Time: 00:01:39

Health: -3/24      AC:  5    Str: 13    XL:     2   Next: 20%
Magic:  4/4        EV: 11    Int: 11    God:    Kikubaaqudgha [*.....]
Gold:   27         SH:  0    Dex: 13    Spells: 1/1 levels left

rFire   . . .      SeeInvis .   f - +3 whip
rCold   . . .      Faith    .   (no shield)
rNeg    . . .      Spirit   .   b - +0 leather armour
rPois   .          Reflect  .   (no helmet)
rElec   .          Harm     .   (no cloak)
rCorr   .          Rampage  .   (no gloves)
Will    .....                   (no boots)
Stlth   +.........              (no amulet)
HPRegen 0.08/turn               (no ring)
MPRegen 0.09/turn               (no ring)

@: about to teleport
A: molten scales 1
a: Renounce Religion, Receive Corpses


You were on level 1 of the Dungeon.
You worshipped Kikubaaqudgha.
Kikubaaqudgha was aware of your devotion.
You visited 1 branch of the dungeon, and saw 1 of its levels.
You visited the Abyss 1 time.

You collected 27 gold pieces.

Inventory:

Hand Weapons
 a - a +1 falchion
 f - a +3 whip (weapon)
Armour
 b - a +0 leather armour (worn)
Jewellery
 e - a ring of fire
Scrolls
 d - a scroll of fog


   Skills:
 + Level 3.1 Fighting
 + Level 2.0 Long Blades
 + Level 2.0 Armour
 + Level 1.1 Dodging
 + Level 2.7 Invocations


You had one spell level left.
You didn't know any spells.
Your spell library contained the following spells:

 Spells                   Type           Power      Damage    Failure   Level
 Animate Skeleton         Necr           0%         N/A       41%         1
 Pain                     Necr           0%         1d4       41%         1
 Vampiric Draining        Necr           0%         2d6       80%         3
 Agony                    Necr           0%         N/A       100%        5


Dungeon Overview and Level Annotations

Branches:
Dungeon (1/15)

Altars:
Kikubaaqudgha


Innate Abilities, Weirdness & Mutations

You are partially covered in molten scales. (AC +2)


Message History

Things that are here:
a +0 whip; 2 stones The kobold shouts!
The kobold throws a stone.
The stone barely misses you. The kobold hits you but does no damage.
You barely miss the kobold. The kobold misses you.
You barely miss the kobold. The kobold hits you with a +3 whip.
You hit the kobold but do no damage. The kobold misses you.
You closely miss the kobold. The kobold barely misses you.
You hit the kobold.
The kobold is moderately wounded.
The kobold closely misses you. The kobold misses you.
You slash the kobold!
You kill the kobold!
Kikubaaqudgha accepts your kill.
No target in view!
No target in view!
No target in view!
No target in view!
No target in view!
No target in view!
No target in view!
No target in view!
Lugonu's wrath scatters you! Lugonu sends minions to punish you.
A small abomination comes into view.
Found two stone staircases leading down.
Items here: ( ) ? †.
f - a +3 whip;
g - a scroll labelled XYUMPYI WAJIVY The small abomination barely misses you.
f - a +3 whip (weapon)
As you read the scroll labelled ZUXKID KADWOZ, it crumbles to dust.
It is a scroll of identify.
d - a scroll of fog The small abomination hits you!
As you read the scroll labelled XYUMPYI WAJIVY, it crumbles to dust.
You feel strangely unstable.
It was a scroll of teleportation.
The small abomination hits you but does no damage.
The small abomination hits you!
You die...
Kikubaaqudgha rasps: "You have failed me!
Welcome... death!"

>## #.# #.. ..> #
##.## #. #!..
####.###..#
........§$.x#######.
......≈§≈§≈.@.......
#.#.≈....§≈§######.
#..§§..§..≈§§##
#.#.≈.≈§§§§≈§≈≈.##
#..≈.§§.≈§§§§§.≈.#
###..≈≈§≈≈≈§§≈...≈.#
......§.≈_.§§...≈.#
#..§≈≈≈§≈§§≈...≈.#
#.≈..§.≈≈≈.≈..≈.#


You could see a small abomination.

Vanquished Creatures
  An endoplasm (D:1)
  A hobgoblin (D:1)
  5 kobolds (D:1)
  A quokka (D:1)
  2 bats (D:1)
  2 rats (D:1)
12 creatures vanquished.

Notes
Turn   | Place    | Note
-------+----------+-------------------------------------------
     0 | Abyss:1  | Hubjo the Demonspawn Abyssal Knight began the quest for the
                  | Orb.
     0 | Abyss:1  | Reached XP level 1. HP: 18/18 MP: 2/2
   434 | Abyss:1  | Noticed a ynoxinul
   439 | D:1      | Escaped the Abyss
   467 | D:1      | Reached skill level 1 in Dodging
   630 | D:1      | Gained mutation: You are partially covered in molten
                  | scales. (AC +2) [demonic ancestry]
   630 | D:1      | Reached XP level 2. HP: 8/24 MP: 4/4
  1062 | D:1      | Found a faded altar of an unknown god.
  1090 | D:1      | Prayed at the altar of an unknown god.
  1090 | D:1      | Fell from the grace of Lugonu
  1090 | D:1      | Became a worshipper of Kikubaaqudgha
  1090 | D:1      | Reached * piety under Kikubaaqudgha
  1090 | D:1      | Received a gift from Kikubaaqudgha
  1144 | D:1      | Noticed a small abomination
  1150 | D:1      | Slain by a small abomination

Illustrated notes

Levels and vault maps discovered:
D:1:      onia_arrival_pyramid, layout_loops_ring,
          shapermc_ecumenical_altar_starsandcircs, supply_closet_lemuel,
          minmay_box_of_dots

Skill      XL: |  1  2 |
---------------+-------+-----
Dodging        | 1 |  1.1
Long Blades    | 2 |  2.0
Armour         | 2 |  2.0
Fighting       | |  3.1
Invocations    | |  2.7

Action                   || total
-------------------------++-------
Melee: Falchion          ||    36
  Use: Scroll            ||     2
Armor: Leather armour    ||    95
Dodge: Dodged            ||   131

Table legend: (Time is in decaauts)
 A = Elapsed time spent in this place.
 B = Non-inter-level travel time spent in this place.
 C = Inter-level travel time spent in this place.
 D = Time resting spent in this place.
 E = Time spent auto-exploring this place.
 F = Levels seen in this place.
 G = Mean time per level.
                   A        B        C        D        E       F      G
               +--------+--------+--------+--------+--------+-----+--------+
         Total |   1161 |   1151 |     10 |    326 |    438 |   2 |  580.5 |
       Dungeon |    717 |    707 |     10 |      0 |    438 |   1 |  717.0 |
         Abyss |    443 |    443 |      0 |    326 |      0 |   1 |  443.0 |
               +--------+--------+--------+--------+--------+-----+--------+

Top non-repeatable levels by time:
     D:1: 717 daAuts
 Abyss:1: 443 daAuts
